 Dungeon Crawl Stone Soup version 0.26-a0-1053-gaff5f71418 (webtiles) character file.

Game seed: 1458218650655374808

24931 Flubbersnuff the Severer (level 12, -9/112 HPs)
             Began as a Minotaur Berserker on Dec 13, 2020.
             Was a High Priest of Trog.
             Mangled by Gastronok (26 damage)
             ... on level 3 of the Lair of Beasts.
             The game lasted 00:27:40 (17423 turns).

Flubbersnuff the Severer (Minotaur Berserker)      Turns: 17423, Time: 00:27:41

Health: -9/112     AC: 13    Str: 26    XL:     12   Next: 85%
Magic:  11/11      EV: 19    Int:  4    God:    Trog [*****.]
Gold:   726        SH:  0    Dex: 11    Spells: 11/11 levels left

rFire    + . .     SeeInvis .   a - +4 battleaxe (flame)
rCold    . . .     Faith    .   (shield currently unavailable)
rNeg     . . .     Spirit   .   o - +0 scale mail {rF+}
rPois    .         Reflect  .   (helmet restricted)
rElec    .         Harm     .   u - +0 cloak
rCorr    .         Rampage  .   (no gloves)
Will     .....                  x - +1 pair of boots {Fly}
Stlth    ..........             (no amulet)
HPRegen  0.28/turn              n - +4 ring of evasion
MPRegen  0.12/turn              (no ring)

@: berserk cooldown, flying, slowed, very slow
A: retaliatory headbutt, horns 2
a: Berserk, Trog's Hand, Brothers in Arms, Renounce Religion, Stop Flying


You were on level 3 of the Lair of Beasts.
You worshipped Trog.
Trog was extremely pleased with you.
You visited 3 branches of the dungeon, and saw 13 of its levels.
You also visited: Ossuary and Volcano.

You collected 951 gold pieces.
You spent 225 gold pieces at shops.

Inventory:

Hand Weapons
 a - a +4 battleaxe of flaming (weapon)
Armour
 o - a +0 scale mail of fire resistance (worn)
 u - a +0 cloak (worn)
 x - a +1 pair of boots of flying (worn)
 G - a +2 leather armour of fire resistance
Jewellery
 j - an uncursed ring of wizardry {unknown}
 n - a +4 ring of evasion (left hand)
 y - an uncursed amulet of the acrobat {unknown}
 M - an uncursed amulet of guardian spirit {unknown}
 N - an uncursed ring of wizardry {unknown}
Wands
 p - a wand of disintegration (15)
 t - a wand of iceblast (12)
 A - a wand of polymorph (21)
 H - a wand of digging (3)
 J - a wand of acid (10)
Scrolls
 b - a scroll of summoning {unknown}
 c - 10 scrolls of remove curse {unknown}
 e - 3 scrolls of enchant armour {unknown}
 i - 16 scrolls of identify
 l - 2 scrolls of immolation {unknown}
 m - 5 scrolls of enchant weapon
 r - 7 scrolls of teleportation
 s - 7 scrolls of vulnerability {unknown}
 v - 2 scrolls of random uselessness {unknown}
 w - 2 scrolls of silence {unknown}
 z - 2 scrolls of noise {unknown}
 B - a scroll of torment {unknown}
 E - 2 scrolls of fog
 L - a scroll of holy word {unknown}
Potions
 d - 3 potions of magic {unknown}
 f - 6 potions of heal wounds {unknown}
 g - 7 potions of haste {unknown}
 h - 3 potions of attraction {unknown}
 k - 9 potions of curing {unknown}
 q - 2 potions of mutation {unknown}
 C - 2 potions of berserk rage {unknown}
 D - 2 potions of ambrosia {unknown}
 F - a potion of brilliance {unknown}
 I - a potion of cancellation {unknown}
 K - a potion of resistance {unknown}
 O - a potion of lignification {unknown}


   Skills:
 + Level 12.0 Fighting
 * Level 16.0 Axes
 + Level 11.8 Armour
 + Level 10.9 Dodging


You had 11 spell levels left.
You didn't know any spells.
Your spell library was empty.

Dungeon Overview and Level Annotations

Branches:
Dungeon (9/15)             Temple (1/1) D:6            Lair (3/6) D:9
 Shoals (0/4) Lair:2        Snake (0/4) Lair:3      Ossuary (visited)
Volcano (visited)
    Orc: D:9-12

Altars:
Ashenzari
Cheibriados
Dithmenos
Elyvilon
Fedhas
Gozag
Hepliaklqana
Kikubaaqudgha
Makhleb
Nemelex Xobeh
Okawaru
Qazlal
Ru
Sif Muna
Trog
Uskayaw
Vehumet
Wu Jian
Xom
Yredelemnul
Zin
The Shining One
Beogh

Shops:
D:7 [   D:9 (

Annotations:
D:4 3 runed translucent doors, MoonlitKnight's ghost, novice MiBe
Lair:3 Gastronok


Innate Abilities, Weirdness & Mutations

You reflexively headbutt those who attack you in melee.
You have a pair of horns on your head.


Message History

The air twists around and violently strikes you in flight!!
You are too injured to fight recklessly!
You are too injured to fight recklessly!
You are too injured to fight recklessly!
A red film seems to cover your vision as you go berserk!
You feel yourself moving faster!
You feel mighty!
You feel a strong urge to attack something.
Gastronok bites you!
You feel your anger nearly subside.
You are no longer berserk.
You are exhausted.
You feel yourself slow down. Gastronok bites you!!
* * * LOW HITPOINT WARNING * * *
You slice Gastronok!! You burn Gastronok.
Gastronok is severely wounded.
You slash Gastronok! You burn Gastronok. You headbutt Gastronok!
Gastronok is severely wounded.
Gastronok makes a strange noise.
Gastronok bites you!!
You die...

#.........##P....≈...
##.....###.#≈..≈≈≈≈≈≈
##..#..# #.≈≈≈≈≈≈≈≈
#.....## #≈≈≈≈≈≈≈≈≈
##....# #.≈≈≈..≈≈≈
#.....### #P≈≈≈≈≈>.≈≈
##......# ##.≈≈≈≈≈.≈≈
#.#.w..####.≈≈≈≈≈≈≈≈
###@.....# ≈≈≈≈≈
#......# ≈≈≈≈≈
#........# .≈≈..
##........ .....
#........ ......
#........ #.....
#........ #.....
#........ #....
#........ .....


You could see Gastronok.

Vanquished Creatures
  7 hydras
  Nergalle (Lair:3)
  Pikel (D:6)
  2 lindwurms (Volcano)
  An elephant (Lair:2)
  Joseph (D:8)
  3 black mambas
  3 molten gargoyles (Volcano)
  2 efreet (Volcano)
  Maggie (D:8)
  5 cane toads
  4 rime drakes
  5 komodo dragons
  10 blink frogs
  A polar bear (Lair:2)
  Grinder (D:3)
  A dream sheep (Lair:2)
  2 wyverns
  5 fire elementals (Volcano)
  A yak (Lair:2)
  A basilisk (Lair:1)
  3 nagas (Lair:3)
  Edmund (D:6)
  10 water moccasins
  4 ice beasts
  2 sky beasts (D:9)
  2 orc warriors (D:9)
  A necrophage (D:7)
  4 black bears
  2 eyes of draining
  A phantom (D:6)
  The ghost of arkorax the Skirmisher, an amateur DsWn (D:3)
  6 wolves (Lair:1)
  5 ogres
  2 centaurs (D:9)
  A lemure (D:6)
  3 earth elementals (Volcano)
  A gnoll sergeant (D:4)
  15 bullfrogs
  2 water moccasin zombies
  2 scorpions (D:7)
  The ghost of ploum the Covert, a weakling GnDe (D:5)
  6 killer bees (D:8)
  An electric eel (Lair:3)
  2 howler monkeys
  4 bullfrog zombies
  A quasit (D:7)
  A centaur zombie (Ossuary)
  4 orc priests
  2 bullfrog skeletons
  A centaur skeleton (D:7)
  An iron imp (D:8)
  6 orc wizards
  2 hounds
  11 mummies (Ossuary)
  Natasha (D:4)
  Terence (D:2)
  11 worker ants
  Ijyb (D:4)
  4 killer bee zombies
  3 hound skeletons
  5 worker ant zombies (Ossuary)
  15 adders
  4 gnolls (D:4)
  A white imp (D:9)
  A shadow imp (D:9)
  A worm zombie (D:8)
  An adder zombie (Ossuary)
  An adder skeleton (D:4)
  2 worms (D:2)
  2 dart slugs (D:2)
  6 leopard geckos
  32 orcs
  A ball python (D:3)
  4 bats
  5 giant cockroaches
  6 goblins
  6 hobgoblins
  17 jackals
  5 quokkas
  5 frilled lizards
  A giant cockroach zombie (Ossuary)
  A hobgoblin zombie (D:8)
  4 kobolds
  A kobold zombie (D:8)
  A leopard gecko skeleton (D:6)
  2 leopard gecko zombies (Ossuary)
  4 quokka zombies
  6 rats
  2 fire vortices (Volcano)
332 creatures vanquished.

Vanquished Creatures (others)
  An orc wizard (D:9)
  A fire vortex (Volcano)
  4 fungi
  6 plants
  11 withered plants (Ossuary)
23 creatures vanquished.

Grand Total: 355 creatures vanquished

Notes
Turn   | Place    | Note
-------+----------+-------------------------------------------
     0 | D:1      | Flubbersnuff the Minotaur Berserker began the quest for the
                  | Orb.
     0 | D:1      | Reached XP level 1. HP: 19/19 MP: 0/0
   202 | D:1      | Reached XP level 2. HP: 27/27 MP: 1/1
   228 | D:1      | Reached skill level 4 in Axes
   501 | D:2      | Reached ** piety under Trog
   502 | D:2      | Reached XP level 3. HP: 33/33 MP: 2/2
  1149 | D:2      | Reached XP level 4. HP: 37/40 MP: 3/3
  1260 | D:2      | Found an ancient bone altar of Kikubaaqudgha.
  1414 | D:2      | Noticed Terence
  1423 | D:2      | Killed Terence
  1424 | D:2      | Reached skill level 5 in Axes
  2007 | D:3      | Reached XP level 5. HP: 47/47 MP: 4/4
  2370 | D:3      | Noticed Grinder
  2387 | D:3      | Paralysed by Grinder for 4 turns
  2392 | D:3      | Killed Grinder
  2393 | D:3      | Reached skill level 5 in Fighting
  2393 | D:3      | Reached skill level 6 in Axes
  2393 | D:3      | Reached XP level 6. HP: 31/56 MP: 5/5
  2545 | D:3      | Found a transporter.
  2545 | D:3      | Noticed arkorax's ghost (amateur DsWn)
  2786 | D:3      | Found a transporter.
  3064 | D:3      | Killed arkorax's ghost
  3268 | D:4      | Reached *** piety under Trog
  3275 | D:4      | Reached XP level 7. HP: 30/61 MP: 6/6
  3677 | D:4      | Noticed a wyvern
  3686 | D:4      | Killed a wyvern
  3687 | D:4      | Reached skill level 7 in Axes
  3687 | D:4      | Reached skill level 5 in Armour
  3968 | D:4      | Found a runed translucent gate.
  3968 | D:4      | Noticed MoonlitKnight's ghost (novice MiBe)
  3969 | D:4      | Found a runed translucent gate.
  3970 | D:4      | Found a runed translucent gate.
  3970 | D:4      | Identified the +6 scale mail of the Echidna {Harm *Corrode
                  | rC+ Dex+2}
  3971 | D:4      | Found a roughly hewn altar of Beogh.
  4041 | D:4      | Noticed Ijyb
  4051 | D:4      | Killed Ijyb
  4238 | D:4      | Found a sparkling altar of Nemelex Xobeh.
  4370 | D:4      | Noticed Natasha
  4380 | D:4      | Killed Natasha
  4563 | D:5      | Entered Level 5 of the Dungeon
  4649 | D:5      | Reached skill level 8 in Axes
  4649 | D:5      | Reached skill level 5 in Dodging
  4649 | D:5      | Reached XP level 8. HP: 70/70 MP: 7/7
  4702 | D:5      | Found a runed translucent gate.
  4703 | D:5      | Found a runed translucent gate.
  4703 | D:5      | Found a runed translucent gate.
  4704 | D:5      | Noticed ploum's ghost (weakling GnDe)
  4714 | D:5      | Killed ploum's ghost
  5091 | D:5      | Found a stormy altar of Qazlal.
  5102 | D:5      | Found a shadowy altar of Dithmenos.
  5413 | D:5      | Found an iron altar of Okawaru.
  5854 | D:6      | Found a staircase to the Ecumenical Temple.
  5884 | D:6      | Reached **** piety under Trog
  5939 | D:6      | Noticed Edmund
  5958 | D:6      | Killed Edmund
  5961 | D:6      | Reached skill level 9 in Axes
  6184 | D:6      | Found a broken altar of Ashenzari.
  6288 | D:6      | Noticed Pikel
  6304 | D:6      | Killed Pikel
  6305 | D:6      | Reached XP level 9. HP: 79/79 MP: 8/8
  6602 | D:6      | Reached skill level 10 in Axes
  7078 | Temple   | Entered the Ecumenical Temple
  7127 | D:7      | Found a shimmering altar of Xom.
  7174 | D:7      | Found Oruak's Antique Armour Shop.
  7251 | D:7      | Bought a pair of runed boots for 225 gold pieces
  8095 | D:8      | Found a sand-covered staircase.
  8105 | D:8      | Reached skill level 11 in Axes
  8105 | D:8      | Reached ***** piety under Trog
  8115 | Ossuary  | Entered an ossuary
  8574 | D:8      | Reached XP level 10. HP: 83/90 MP: 9/9
  8736 | D:8      | Noticed Joseph
  8749 | D:8      | Killed Joseph
  9179 | D:8      | Noticed Maggie
  9212 | D:8      | Killed Maggie
  9509 | D:8      | Received a gift from Trog
  9733 | D:8      | Found a snail-covered altar of Cheibriados.
  9992 | D:8      | Found an ornate altar of the Wu Jian Council.
 10244 | D:8      | Got a shimmering spear
 10244 | D:8      | Identified the +7 spear of Desperation {antimagic, rPois
                  | Str+8 Int-3 SInv} (You found it on level 8 of the Dungeon)
 10375 | D:9      | Reached skill level 12 in Axes
 10504 | D:9      | Found Cuta's Weapon Boutique.
 10513 | D:9      | Found a bloodstained altar of Trog.
 10758 | D:9      | Found a staircase to the Lair.
 11172 | D:9      | Found a hide-covered altar of Uskayaw.
 11404 | Lair:1   | Entered Level 1 of the Lair of Beasts
 11489 | Lair:1   | Found a dark tunnel.
 11494 | Volcano  | Entered a volcano
 11501 | Volcano  | Reached skill level 13 in Axes
 11501 | Volcano  | Reached XP level 11. HP: 94/99 MP: 10/10
 11704 | Volcano  | Noticed a lindwurm
 11704 | Volcano  | Noticed a lindwurm
 12343 | Volcano  | Killed a lindwurm
 12344 | Volcano  | Reached skill level 10 in Fighting
 12346 | Volcano  | Killed a lindwurm
 12797 | Volcano  | Reached skill level 10 in Armour
 13437 | Lair:1   | Reached skill level 14 in Axes
 13920 | Lair:2   | Noticed an eight-headed hydra
 13928 | Lair:2   | Killed a four-headed hydra
 14252 | Lair:2   | Found a staircase to the Shoals.
 14405 | Lair:2   | Noticed a six-headed hydra
 14412 | Lair:2   | Killed a two-headed hydra
 14903 | Lair:2   | Reached XP level 12. HP: 110/110 MP: 11/11
 14965 | Lair:2   | Noticed a five-headed hydra
 14971 | Lair:2   | Reached skill level 10 in Dodging
 14973 | Lair:2   | Killed a two-headed hydra
 15353 | Lair:2   | Noticed a five-headed hydra
 15362 | Lair:2   | Killed a one-headed hydra
 15564 | Lair:2   | Noticed a six-headed hydra
 15570 | Lair:2   | Killed a three-headed hydra
 15571 | Lair:2   | Reached skill level 15 in Axes
 16109 | Lair:3   | Received a gift from Trog
 16731 | Lair:3   | Noticed Nergalle
 16740 | Lair:3   | Killed Nergalle
 16833 | Lair:3   | Found a staircase to the Snake Pit.
 16996 | Lair:3   | Noticed a five-headed hydra
 16999 | Lair:3   | Noticed an eight-headed hydra
 17002 | Lair:3   | Killed a three-headed hydra
 17007 | Lair:3   | Killed a five-headed hydra
 17034 | Lair:3   | Reached skill level 16 in Axes
 17408 | Lair:3   | Noticed Gastronok
 17423 | Lair:3   | Mangled by Gastronok

Illustrated notes

Levels and vault maps discovered:
D:1:      heliophobic_arrival_ceremonial_halls, layout_basic
D:2:      wad_crossroads, layout_rooms, lemuel_doored_altar, hex_medium,
          uniq_terence
D:3:      layout_loops_ring, gammafunk_ghost_arena, grunt_ministairs_8,
          kennysheep_boxes, uniq_grinder
D:4:      layout_gridville, biasface_ghost_orc_armoury,
          nemelex_lonely_heart_becter, uniq_natasha, uniq_ijyb
D:5:      layout_loops_corners, nicolae_overflow_hidden_temple,
          ebering_ghost_rock_garden, st_stairs_9, okawaru_metal_pillars_1_2
D:6:      layout_loops_ring, minmay_temple_entry_statues_pillars, basic_altar,
          kennysheep_generic_room_11, uniq_edmund, uniq_pikel
D:7:      layout_cave_pools, xom_teletrap_fun, serial_shops,
          nicolae_shop_waterfront
D:8:      layout_layer_cave, kennysheep_mini, enter_ossuary_3,
          serial_co_window_serial, co_window_of_opportunity_a,
          co_window_corner_a, co_window_of_opportunity_a, co_window_paths_a,
          co_window_paths_a, co_window_broadway_a, co_window_corner_b,
          co_window_corner_ca, co_window_paths_e, co_window_4corner_a,
          glass_columns_a, glass_columns_a, glass_columns_b, glass_columns_a,
          minmay_misc_feat_tiny, chei_slow_surprise, uniq_maggie, uniq_joseph
D:9:      kennysheep_big_flooded_room, layout_basic,
          lemuel_coloured_pillars_altar, trog_ov_bears_minmay, lair_entry_dummy,
          serial_shops, shop
Temple:   minmay_freezing_vapour_temple
Lair:1:   layout_gridlike, nicolae_volcano_entry_lava_flow
Lair:2:   layout_regular_city, elwin_shoals_entry_rocks, minmay_shattered_shrine
Lair:3:   layout_cave_pods, minmay_snake_entry_guardpost_small, minmay_holes,
          nicolae_quartered_pool_super, grunt_megastairs_1,
          infiniplex_staircase_pool_2, uniq_gastronok, uniq_nergalle

Skill      XL: |  1  2  3  4  5  6  7  8  9 10 11 12 |
---------------+-------------------------------------+-----
Axes           | 4 5 6 8 9 11 13 14 16 | 16.0
Fighting       | 4 5 6 7 8 9 11 12 | 12.0
Armour         | 3 4 5 6 8 9 10 11 | 11.8
Dodging        | 3 4 5 6 7 8 9 10 | 10.9

Action                   |  1- 3 |  4- 6 |  7- 9 | 10-12 || total
-------------------------+-------+-------+-------+-------++-------
Melee: Hand axe          |    65 |   117 |   368 |    89 ||   639
       Headbutt          |     4 |    23 |    79 |    81 ||   187
       Battleaxe         |       |       |       |   319 ||   319
Invok: Berserk           |     1 |     2 |     4 |     5 ||    12
       Trog's Hand       |     1 |       |       |       ||     1
  Use: Scroll            |       |     6 |     1 |     1 ||     8
Armor: Scale mail        |    35 |    27 |    81 |   119 ||   262
Dodge: Dodged            |    55 |    66 |   169 |   399 ||   689

Table legend: (Time is in decaauts)
 A = Elapsed time spent in this place.
 B = Non-inter-level travel time spent in this place.
 C = Inter-level travel time spent in this place.
 D = Time resting spent in this place.
 E = Time spent auto-exploring this place.
 F = Levels seen in this place.
 G = Mean time per level.
                   A        B        C        D        E       F      G
               +--------+--------+--------+--------+--------+-----+--------+
         Total |  17463 |  16468 |    995 |   4658 |   9357 |  15 | 1164.2 |
       Dungeon |  10951 |  10073 |    878 |   1860 |   6699 |   9 | 1216.8 |
        Temple |     14 |     10 |      4 |      0 |      9 |   1 |   14.0 |
          Lair |   4571 |   4458 |    113 |   1481 |   2510 |   3 | 1523.7 |
       Ossuary |    438 |    438 |      0 |    123 |    102 |   1 |  438.0 |
       Volcano |   1487 |   1487 |      0 |   1192 |     37 |   1 | 1487.0 |
               +--------+--------+--------+--------+--------+-----+--------+

Top non-repeatable levels by time:
  Lair:2: 2388 daAuts
     D:8: 1807 daAuts
 Volcano: 1487 daAuts
     D:3: 1433 daAuts
     D:2: 1388 daAuts
     D:6: 1277 daAuts
     D:5: 1225 daAuts
     D:4: 1193 daAuts
     D:9: 1153 daAuts
  Lair:3: 1148 daAuts
  Lair:1: 1034 daAuts
     D:7: 809 daAuts
     D:1: 664 daAuts
 Ossuary: 438 daAuts
  Temple: 14 daAuts
